 Dungeon Crawl Stone Soup version 0.17-a0-1485-g22cb0ee (webtiles) character file.

6258 Eleanoora the Geomancer (level 11, 89/89 HPs)
             Began as a Formicid Earth Elementalist on July 5, 2015.
             Was a Follower of Ashenzari.
             Quit the game on level 9 of the Dungeon.
             The game lasted 00:33:48 (13251 turns).

Eleanoora the Geomancer (FoEE)                     Turns: 13251, Time: 00:33:48

Health: 89/89      AC:  7    Str: 14    XL:     11   Next: 15%
Magic:  14/19      EV: 13    Int: 16    God:    Ashenzari [*.....]
Gold:   608        SH:  0    Dex: 12    Spells: 6 memorised, 4 levels left

rFire  + . .     SeeInvis +     (no weapon)
rCold  . . .     Clarity  .     T - +1 steam dragon armour
rNeg   + . .     SustAt   .     (no shield)
rPois  .         Gourm    .     (helmet unavailable)
rElec  .         Spirit   .     r - +0 cloak (curse)
rCorr  .         Warding  +     (no gloves)
rMut   .         Stasis   +     (no boots)
MR     ++...                    g - amulet of warding
Stlth  ++........               l - ring of protection from fire
                                s - ring of protection from magic (curse)

@: very resistant to hostile enchantments, unstealthy
A: permanent stasis, dig shafts and tunnels, four strong arms, antennae 3
a: Dig, Shaft Self, Renounce Religion


You were on level 9 of the Dungeon.
You worshipped Ashenzari.
Ashenzari was aware of your devotion.
You were not hungry.

You visited 2 branches of the dungeon, and saw 10 of its levels.
You also visited: Bailey.

You collected 608 gold pieces.


Innate Abilities, Weirdness & Mutations

You are under a permanent stasis effect.
You can dig through walls and to a lower floor.
Your four strong arms can wield two-handed weapons with a shield.
You have a pair of large antennae on your head (SInv).


   Skills:
 + Level 9.4 Fighting
 + Level 3.5 Dodging
 - Level 2.4 Stealth
 - Level 5.5 Spellcasting
 - Level 5.8 Conjurations
 - Level 1.2 Transmutations
 - Level 12.4 Earth Magic


You had 4 spell levels left.
You knew the following spells:

 Your Spells              Type           Power        Failure   Level  Hunger
a - Stone Arrow           Conj/Erth      ####..       1%          3    ###....
c - Sandblast             Erth           #####.       1%          1    None
d - Lee's Rapid Deconstr  Erth           #####.....   2%          5    ######.
r - Petrify               Trmt/Erth      ####....     12%         4    ####...
w - Passwall              Trmt/Erth      ####......   2%          3    ###....
A - Apportation           Tloc           #.........   17%         1    None

Inventory:

Hand weapons
 G - the +2 glaive of Lipeipn {flame, rF+ Str+5 Stlth-}

   It has been specially enchanted to burn those struck by it, causing extra
   injury to most foes and up to half again as much damage against particularly
   susceptible opponents.
   Big, fiery blades are also staple armaments of hydra-hunters.
   It affects your strength (+5).
   It protects you from fire.
   It makes you less stealthy.
 M - the +5 morningstar of Mimy {freeze, +Fly rElec}

   It has been specially enchanted to freeze those struck by it, causing extra
   injury to most foes and up to half again as much damage against particularly
   susceptible opponents.
   It can also slow down cold-blooded creatures.
   It insulates you from electricity.
   It lets you fly.
 R - a +1 blowgun
Missiles
 w - 5 curare-tipped needles
 x - a throwing net (quivered)
Armour
 r - a cursed +0 cloak (worn)
 T - a +1 steam dragon armour (worn)
Magical staves
 e - a cursed staff of power
Jewellery
 g - an amulet of warding (around neck)
 l - a ring of protection from fire (right hand)
 s - a cursed ring of protection from magic (left hand)
Magical devices
 y - a wand of paralysis (18)
 C - a wand of enslavement (0)
 I - a wand of polymorph (8)
 J - a wand of flame (3)
Scrolls
 j - 2 scrolls of fog
 k - 2 scrolls of amnesia
 q - a scroll of teleportation
 t - a scroll of fear
 u - a scroll of enchant weapon
 A - a scroll of curse weapon
 D - 2 scrolls of magic mapping
Potions
 a - a potion of degeneration {unknown}
 b - 2 potions of magic
 f - 5 potions of curing
 i - 2 potions of ambrosia {unknown}
 m - 3 potions of poison {unknown}
 n - 2 potions of might {unknown}
 o - 3 potions of haste {unknown}
 z - a potion of lignification {unknown}
 B - 3 potions of heal wounds
 E - a potion of mutation {unknown}
 F - a potion of cure mutation {unknown}
 N - a potion of cancellation {unknown}
 P - 2 potions of resistance
 Q - a potion of invisibility {unknown}
Books
 c - a book of Geomancy
 O - a book of the Tempests
Comestibles
 d - 6 bread rations
 h - 5 meat rations
 v - 5 fruits

Dungeon Overview and Level Annotations

Branches:
Dungeon (9/15)             Temple (1/1) D:4
   Lair: D:8-11         Orc: D:9-12

Altars:
Ashenzari
Cheibriados
Dithmenos
Elyvilon
Fedhas
Gozag
Kikubaaqudgha
Makhleb
Nemelex Xobeh
Okawaru
Qazlal
Ru
Sif Muna
Trog
Vehumet
Xom
Yredelemnul
Zin
The Shining One

Shops:
D:4 :   D:8 }


Message History

Casting: Stone Arrow
Confirm with . or Enter, or press ? or * to list all spells.
You can't see any susceptible monsters within range! (Use Z to cast anyway.)
Casting: Stone Arrow
Confirm with . or Enter, or press ? or * to list all spells.
You can't see any susceptible monsters within range! (Use Z to cast anyway.) Read which item? (? for menu, Esc to quit)
As you read the scroll labeled GUREET YRUKO, it crumbles to dust.
You speak a Word of immense power!
It was a scroll of holy word.
Read which item? (? for menu, Esc to quit)
As you read the scroll labeled CYZIMI ONGYZI, it crumbles to dust.
You feel a strange sense of stasis.
It was a scroll of teleportation.
Read which item? (? for menu, Esc to quit)
As you read the scroll labeled MUFO CECSOKK, it crumbles to dust.
It is a scroll of enchant weapon.
Enchant which weapon? (? for menu, Esc to quit)
Your uncursed blowgun glows red for a moment.
Read which item? (? for menu, Esc to quit)
As you read the scroll labeled AJEILU WUMODE, it crumbles to dust.
You hear a loud clanging noise!
It was a scroll of noise.
You hear an angry hiss.
You hear a bark!
Read which item? (? for menu, Esc to quit)
As you read the scroll labeled ITEVINU NEAM, it crumbles to dust.
This is a scroll of acquirement! [a] Weapon [b] Armour [c] Jewellery [d] Book [e] Staff [f] Wand [g] Miscellaneous [h] Food [i] Gold [j] Ammunition What kind of item would you like to acquire? (\ to view known items)
Something appears at your feet!
e - a cursed staff of power Read which item? (? for menu, Esc to quit)
As you read the scroll labeled PUH ASEZXYESE, it crumbles to dust.
The air around you briefly surges with heat, but it dissipates.
It was a scroll of immolation.
Are you sure you want to abandon this character and quit the game? (Confirm with "yes".)

###### #....#
################.##.#
.................)..#
.....###########@#######
..)...............†.....
.)∩)...........#.###.###
..)............#.#...#
...............#.#.#.###
.....>.................+ ..
################.###.###....
#............
##########.##....


There were no monsters in sight!

Action                   |  1- 3 |  4- 6 |  7- 9 | 10-12 || total
-------------------------+-------+-------+-------+-------++-------
 Cast: Sandblast         |    64 |   148 |   238 |   118 ||   568
       Stone Arrow       |       |       |    46 |    48 ||    94
Evoke: Wand              |       |       |       |     9 ||     9
  Use: Scroll            |       |     5 |     6 |    10 ||    21
  Eat: Chunk             |     3 |     9 |    17 |    14 ||    43
       Fruit             |       |       |     2 |       ||     2

Notes
Turn   | Place    | Note
--------------------------------------------------------------
     0 | D:1      | Eleanoora the Formicid Earth Elementalist began the quest for the Orb.
     0 | D:1      | Reached XP level 1. HP: 13/13 MP: 3/3
   322 | D:1      | Reached skill level 4 in Earth Magic
   322 | D:1      | Reached XP level 2. HP: 14/19 MP: 1/5
   531 | D:2      | Noticed Natasha
   788 | D:1      | Reached XP level 3. HP: 22/24 MP: 2/7
  1090 | D:1      | Learned a level 3 spell: Stone Arrow
  1094 | D:1      | Learned a level 3 spell: Passwall
  1548 | D:2      | Reached skill level 3 in Spellcasting
  1764 | D:2      | Reached XP level 4. HP: 30/30 MP: 6/8
  1882 | D:2      | Reached skill level 5 in Earth Magic
  2145 | D:2      | Killed Natasha
  2145 | D:2      | Reached skill level 1 in Conjurations
  2452 | D:2      | Reached XP level 5. HP: 35/35 MP: 0/9
  3349 | D:3      | Noticed Grinder
  3504 | D:3      | Killed Grinder
  3504 | D:3      | Reached skill level 4 in Spellcasting
  3504 | D:3      | Reached skill level 2 in Conjurations
  3504 | D:3      | Reached skill level 6 in Earth Magic
  3504 | D:3      | Reached XP level 6. HP: 15/41 MP: 4/12
  4504 | D:4      | Found Fobriv's Book Boutique.
  4516 | D:4      | Reached XP level 7. HP: 41/46 MP: 9/13
  5055 | D:4      | Reached skill level 3 in Conjurations
  5473 | D:4      | Found a staircase to the Ecumenical Temple.
  5481 | Temple   | Entered the Ecumenical Temple
  5540 | Temple   | Became a worshipper of Ashenzari the Shackled
  5798 | D:4      | Reached skill level 7 in Earth Magic
  5913 | D:5      | Entered Level 5 of the Dungeon
  6201 | D:5      | Reached skill level 4 in Conjurations
  6201 | D:5      | Reached XP level 8. HP: 49/52 MP: 1/15
  6336 | D:4      | Learned a level 4 spell: Petrify
  6342 | D:4      | Learned a level 5 spell: Lee's Rapid Deconstruction
  6420 | D:5      | Noticed Edmund
  6437 | D:5      | Killed Edmund
  6437 | D:5      | Reached skill level 5 in Spellcasting
  6741 | D:5      | Reached skill level 5 in Conjurations
  7261 | D:6      | Noticed Sigmund
  7307 | D:6      | Killed Sigmund
  7382 | D:6      | Reached skill level 8 in Earth Magic
  7661 | D:6      | Found a blossoming altar of Fedhas.
  7661 | D:6      | Found an iron altar of Okawaru.
  7790 | D:6      | Reached skill level 1 in Fighting
  7790 | D:6      | Reached XP level 9. HP: 57/59 MP: 4/17
  7918 | D:6      | Found a sacrificial altar of Ru.
  7919 | D:6      | Found an ancient bone altar of Kikubaaqudgha.
  7948 | D:6      | Found a deep blue altar of Sif Muna.
  8201 | D:6      | Learned a level 1 spell: Apportation
  8292 | D:7      | Reached skill level 2 in Fighting
  8292 | D:7      | Reached skill level 2 in Dodging
  8797 | D:8      | Found Jirim's Gadget Boutique.
  8812 | D:8      | Reached skill level 3 in Fighting
  8932 | D:8      | Reached skill level 3 in Dodging
  8932 | D:8      | Reached skill level 9 in Earth Magic
  9183 | D:7      | Noticed a troll
  9190 | D:7      | Killed a troll
  9190 | D:7      | Reached skill level 4 in Fighting
  9368 | D:7      | Found a shadowy altar of Dithmenos.
  9424 | D:7      | Found a large runed door.
  9424 | D:7      | Found a large runed door.
  9442 | D:7      | Found a large runed door.
  9442 | D:7      | Found a large runed door.
  9517 | D:7      | Reached skill level 5 in Fighting
  9762 | D:7      | Reached skill level 10 in Earth Magic
  9762 | D:7      | Reached XP level 10. HP: 72/75 MP: 1/18
  9969 | D:7      | Reached skill level 6 in Fighting
 10336 | D:7      | Reached skill level 7 in Fighting
 10381 | D:7      | Reached skill level 11 in Earth Magic
 10618 | D:7      | Got the glaive of Lipeipn {flame, rF+ Str+5 Stlth-}
 10709 | D:7      | Noticed a centaur warrior
 10731 | D:7      | Killed a centaur warrior
 10820 | D:7      | Got the morningstar of Mimy {freeze, +Fly rElec}
 10821 | D:7      | Identified the +5 morningstar of Mimy {freeze, +Fly rElec} (You found it on level 7 of the Dungeon)
 10824 | D:7      | Identified the +2 glaive of Lipeipn {flame, rF+ Str+5 Stlth-} (You found it on level 7 of the Dungeon)
 10861 | D:7      | Reached skill level 8 in Fighting
 11715 | D:8      | Reached skill level 12 in Earth Magic
 12391 | D:9      | Reached XP level 11. HP: 84/87 MP: 11/19
 12513 | D:9      | Noticed a gargoyle
 12517 | D:9      | Killed a gargoyle
 12517 | D:9      | Reached skill level 9 in Fighting
 12568 | D:9      | Found a flagged portal.
 12580 | Bailey   | Entered a bailey
 13251 | D:9      | Quit the game

Vault maps used:
D:1:      dpeg_arrival_arbitrary_c
D:2:      kennysheep_generic_room_16, uniq_natasha
D:3:      first_bread, uniq_grinder
D:4:      minmay_temple_entry_glassed_door, serial_shops, shop
D:5:      uniq_edmund
D:6:      old_standard_altar, gammafunk_temple_overflow_statue,
          amethyst_overflow_temple_binary, hangedman_decor_growths, uniq_sigmund
D:7:      nicolae_dithmenos_shadow_blocks, grunt_livestock,
          minmay_hollow_rounded_squares
D:8:      serial_shops, shop
D:9:      erik_orc_1, enter_bailey_2
Temple:   circular_temple_13
Bailey:   bailey_polearm_5, bailey

Vanquished Creatures
  A centaur warrior
  A gargoyle
  A troll
  A slime creature Grinder Sigmund
  A yak
  A human
  A hog
  A wyvern
  A steam dragon
  A hungry ghost
  A hippogriff Edmund
  An ice beast
  6 orc warriors
  3 phantoms
  An ogre
  2 sky beasts
  A black bear
  6 centaurs
  2 giant frogs
  4 scorpions
  A wyvern skeleton
  6 killer bees
  3 hounds
  3 crimson imps
  2 giant frog zombies
  An orc priest
  A jelly
  5 orc wizards
  2 giant frog skeletons Natasha
  An iguana
  3 worker ants
  2 sheep
  A hound skeleton
  2 worker ant zombies
  4 gnolls
  11 adders
  2 shadow imps
  An adder zombie
  5 worms
  A giant gecko
  40 orcs
  4 giant cockroaches
  22 goblins
  19 hobgoblins
  14 jackals
  7 quokkas
  17 bats
  8 giant newts
  10 kobolds
  A quokka zombie
  15 rats
255 creatures vanquished.
